 Dungeon Crawl Stone Soup version 0.21.1-1-g345015f (webtiles) character file.

560 poirepourri the Insei (level 7, -4/43 HPs)
             Began as an Octopode Transmuter on July 15, 2018.
             Slain by an iguana (8 damage)
             ... on level 4 of the Dungeon.
             The game lasted 00:06:33 (5472 turns).

poirepourri the Insei (Octopode Transmuter)         Turns: 5472, Time: 00:06:34

Health: -4/43      AC:  1    Str:  9    XL:     7   Next: 31%
Magic:  13/14      EV: 13    Int: 16    God:
Gold:   145        SH:  0    Dex: 14    Spells: 5/15 levels left

rFire    . . .     SeeInvis .     - Unarmed
rCold    + . .     Gourm    .   (no shield)
rNeg     . . .     Faith    .   (helmet restricted)
rPois    .         Spirit   .   (no amulet)
rElec    .         Reflect  .   l - ring of protection from cold
rCorr    .         Harm     .   (no ring)
MR       .....                  (no ring)
Stlth    ++........             (no ring)
HPRegen  0.14/turn              (no ring)
MPRegen  0.14/turn              (no ring)
                                (no ring)
                                (no ring)

@: appendage
A: almost no armour, stealthy swim, amphibious, 8 rings, constrict 8, tentacle
spike 3, camouflage 1, gelatinous body 1
a: End Transformation


You were on level 4 of the Dungeon.
You were not hungry.
One of your tentacles had a temporary spike.
You visited 1 branch of the dungeon, and saw 4 of its levels.

You collected 145 gold pieces.

Inventory:

Missiles
 a - 33 arrows
Armour
 d - a +2 shield
Jewellery
 l - a ring of protection from cold (left tentacle)
Scrolls
 i - a scroll of remove curse
 o - a scroll of amnesia
Potions
 f - a potion of might
 g - a potion of mutation {unknown}
 j - a potion of curing {unknown}
 k - a potion of brilliance {unknown}
 m - a potion of lignification {unknown}
Books
 b - a book of Changes

   Spells                             Type                      Level
   a - Beastly Appendage              Transmutation                1
   b - Sticks to Snakes               Transmutation                2
   c - Spider Form                    Transmutation/Poison         3
   d - Ice Form                       Ice/Transmutation            4
   e - Blade Hands                    Transmutation                5
Comestibles
 c - 3 rations


   Skills:
 - Level 1.0 Fighting
 - Level 2.0 Dodging
 - Level 6.4 Unarmed Combat
 + Level 4.9 Spellcasting
 - Level 2.0 Transmutations


You had 5 spell levels left.
You knew the following spells:

 Your Spells              Type           Power        Failure   Level  Hunger
a - Beastly Appendage     Tmut           ##....       7%          1    None
b - Sticks to Snakes      Tmut           ##......     10%         2    ##.....
c - Spider Form           Tmut/Pois      #.........   30%         3    ###....
d - Ice Form              Ice/Tmut       #.......     71%         4    ####...


Dungeon Overview and Level Annotations

Branches:
Dungeon (4/15)
 Temple: D:4-7

Altars:
Fedhas


Innate Abilities, Weirdness & Mutations

You cannot wear most types of armour.
You are very stealthy in the water. (Stealth+)
You are amphibious.
You can wear up to eight rings at the same time.
You can use your tentacles to constrict eight enemies at once.
Your skin changes colour to match your surroundings (Stealth+).
Your rubbery body absorbs attacks. (AC +1, EV +1)
One of your tentacles bears a large vicious spike.


Message History

Casting: Ice Form
Confirm with . or Enter, or press ? or * to list all spells.
One of your tentacles grows a vicious spike.
The iguana bites you!
You completely miss the iguana. You grab the iguana.
You pierce the iguana, but do no damage.
You constrict the iguana, but do no damage.
The iguana bites you!
You tentacle-slap the iguana.
The iguana is lightly wounded.
You constrict the iguana. The iguana closely misses you.
You tentacle-slap the iguana.
You pierce the iguana.
The iguana is heavily wounded.
You constrict the iguana, but do no damage.
The iguana bites you!
* * * LOW HITPOINT WARNING * * *
You tentacle-slap the iguana but do no damage.
The iguana is heavily wounded.
You constrict the iguana. The iguana bites you!
You die...

#.# #.#..####..#..
#.# #.##..##..##..
##.###..#......#..#
#...##..##....##..#
#...###..#....#....
#...# ##........###
#.#######.##..###
#l...........##
#.@########### #..#
#..# #..# #..# #..#
#).# #...


You could see an iguana.

Vanquished Creatures
  The ghost of poxu the Magician, an amateur GrWz (D:3)
  2 ogres
  A crimson imp (D:2)
  An orc priest (D:3)
  Jessica (D:3)
  2 worker ants
  4 adders
  3 oozes
  2 worms (D:2)
  2 dart slugs
  4 leopard geckos
  4 orcs
  A ball python (D:3)
  2 giant cockroaches
  10 goblins
  14 hobgoblins
  3 jackals (D:1)
  6 kobolds
  A quokka (D:3)
  9 bats
  3 frilled lizards
  A leopard gecko skeleton (D:4)
  8 rats
85 creatures vanquished.

Notes
Turn   | Place    | Note
-------+----------+-------------------------------------------
     0 | D:1      | poirepourri the Octopode Transmuter began the quest for the Orb.
     0 | D:1      | Reached XP level 1. HP: 13/13 MP: 3/3
   227 | D:1      | Reached XP level 2. HP: 18/18 MP: 5/5
   401 | D:1      | Reached skill level 4 in Unarmed Combat
   584 | D:1      | Reached XP level 3. HP: 23/23 MP: 4/6
  1046 | D:2      | Learned a level 2 spell: Sticks to Snakes
  1050 | D:2      | Learned a level 3 spell: Spider Form
  1097 | D:2      | Reached skill level 5 in Unarmed Combat
  1097 | D:2      | Reached XP level 4. HP: 22/28 MP: 7/7
  1428 | D:2      | Noticed an ogre
  1836 | D:3      | Noticed Jessica
  1840 | D:3      | Killed Jessica
  1840 | D:3      | Reached XP level 5. HP: 18/33 MP: 8/8
  1934 | D:2      | HP: 1/33 [ogre/giant club (21)]
  1936 | D:2      | Killed an ogre
  1936 | D:2      | Reached skill level 6 in Unarmed Combat
  2445 | D:2      | Found a blossoming altar of Fedhas.
  2550 | D:2      | Reached XP level 6. HP: 10/38 MP: 9/9
  3479 | D:2      | Learned a level 4 spell: Ice Form
  3801 | D:3      | Noticed poxu's ghost (amateur GrWz)
  3814 | D:3      | Killed poxu's ghost
  4955 | D:3      | Reached XP level 7. HP: 43/43 MP: 7/14
  5472 | D:4      | Slain by an iguana

Skill      XL: |  1  2  3  4  5  6 |
---------------+-------------------+-----
Unarmed Combat | 4 5 6 |  6.4
Spellcasting   | 4 |  4.9
Fighting       | |  1.0
Dodging        | |  2.0
Transmutations | |  2.0

Action                   |  1- 3 |  4- 6 |  7- 9 || total
-------------------------+-------+-------+-------++-------
Melee: Unarmed           |    68 |   129 |    14 ||   211
       Tentacles         |    11 |    14 |     1 ||    26
       Constrict         |    17 |    29 |     2 ||    48
       Punch             |     3 |     4 |       ||     7
       Kick              |     2 |    10 |     2 ||    14
 Cast: Beastly Appendage |     3 |     7 |     1 ||    11
       Spider Form       |       |     2 |       ||     2
       Sticks to Snakes  |       |     1 |       ||     1
       Ice Form          |       |       |     1 ||     1
  Use: Scroll            |     6 |     9 |       ||    15
       Potion            |       |     2 |       ||     2
 Stab: Sleeping          |     2 |     5 |     1 ||     8
       Distracted        |       |     1 |       ||     1
  Eat: Ration            |       |     4 |     1 ||     5
Armor: Skin              |    13 |    10 |     1 ||    24
Dodge: Dodged            |    54 |    99 |     9 ||   162
